TOP OF THE 1ST |
UCLA Bruins batting - Pitching for Fresno State University Bulldogs : RHP Josh Watkins
|
Pitching: RHP Josh Watkins
|
|
Batting: LHB Mark Cummings
|
0-0: Foul Ball, location: 2F 0-1: Foul Ball, location: 2F 0-2: Foul Ball, location: 2F 0-2: Foul Ball, location: 2F 0-2: Foul Ball, location: 2F 0-2: Foul Ball, location: 2F 0-2: SINGLE (Line Drive, 9LS, EV 93.1 MPH)
|
Batting: RHB Issac Konol
|
0-0: Called Strike Mark Cummings steals 2nd base 0-1: Ball Mark Cummings steals 3rd base 1-1: Ball 2-1: Foul Ball, location: 2F 2-2: Strikes out swinging
|
Batting: RHB Andy Knerr
|
0-0: Ball 1-0: Swinging Strike 1-1: Foul Ball, location: 2F 1-2: Foul Ball, location: 2F 1-2: Ground out 6-3 (Groundball, 6, EV 84.4 MPH) Mark Cummings scores
|
Batting: RHB Ethan Krause
|
0-0: Fly out, F7 (Flyball, 7LM, EV 91.2 MPH)
|
Top of the 1st over - 1 run, 1 hit, 0 errors, 0 left on base; UCLA 1 - Fresno State University 0 |
BOTTOM OF THE 1ST |
Fresno State University Bulldogs batting - Pitching for UCLA Bruins : LHP Victor Orozco
|
Pitching: LHP Victor Orozco
|
|
Batting: RHB Sinfronio Carreon
|
0-0: Foul Ball, location: 2F 0-1: Fly out, F4 (Popup, 4S, EV 76.9 MPH)
|
Batting: RHB Sandy Munoz
|
0-0: Ball 1-0: Called Strike 1-1: Ground out 4-3 (Groundball, 34, EV 87.5 MPH)
|
Batting: SHB Carlton Stannard
|
0-0: Ball 1-0: Foul Ball, location: 2F 1-1: Foul Ball, location: 2F 1-2: Ball 2-2: Fly out, F8 (Line Drive, 8LD, EV 95.0 MPH)
|
Bottom of the 1st over - 0 runs, 0 hits, 0 errors, 0 left on base; UCLA 1 - Fresno State University 0 |
TOP OF THE 2ND |
UCLA Bruins batting - Pitching for Fresno State University Bulldogs : RHP Josh Watkins
|
Batting: SHB Sean Munns
|
0-0: Called Strike 0-1: Ball 1-1: Foul Ball, location: 2F 1-2: Foul Ball, location: 2F 1-2: Foul Ball, location: 2F 1-2: Ball 2-2: Ball 3-2: Base on Balls
|
Batting: LHB Scott Mullett
|
0-0: Ball 1-0: Ball 2-0: Ball 3-0: Called Strike 3-1: SINGLE (Groundball, 4D, EV 109.4 MPH) Sean Munns to second
|
Batting: RHB Michael Alvarado
|
0-0: SINGLE (Groundball, 4MD, EV 94.4 MPH) Sean Munns to third Scott Mullett to second
|
Batting: SHB Mike Beck
|
0-0: Ball 1-0: Fly out, F8 (Flyball, 8RS, EV 92.5 MPH)
|
Batting: RHB Pete Devaux
|
0-0: Ball 1-0: Foul Ball, location: 2F 1-1: Grounds into double play, 4-6-3 (Groundball, 4, EV 78.8 MPH)
|
Top of the 2nd over - 0 runs, 2 hits, 0 errors, 2 left on base; UCLA 1 - Fresno State University 0 |
BOTTOM OF THE 2ND |
Fresno State University Bulldogs batting - Pitching for UCLA Bruins : LHP Victor Orozco
|
Batting: RHB Greg Meyer
|
0-0: Ball 1-0: Called Strike 1-1: Foul Ball, location: 2F 1-2: Ball 2-2: Ball 3-2: Foul Ball, location: 2F 3-2: Fly out, F8 (Flyball, 8LD, EV 96.9 MPH)
|
Batting: LHB Abraham Batista
|
0-0: Ball 1-0: Foul Ball, location: 2F 1-1: Called Strike 1-2: Ball 2-2: Fly out, F8 (Flyball, 8LM, EV 87.5 MPH)
|
Batting: RHB Charles Shaw
|
0-0: Ball 1-0: Called Strike 1-1: Ball 2-1: Ball 3-1: Ground out 6-3 (Groundball, 6D, EV 110.0 MPH)
|
Bottom of the 2nd over - 0 runs, 0 hits, 0 errors, 0 left on base; UCLA 1 - Fresno State University 0 |
TOP OF THE 3RD |
UCLA Bruins batting - Pitching for Fresno State University Bulldogs : RHP Josh Watkins
|
Batting: LHB Mark Cummings
|
0-0: Ball 1-0: Ground out 6-3 (Groundball, 6, EV 85.6 MPH)
|
Batting: RHB Issac Konol
|
0-0: Ball 1-0: Foul Ball, location: 2F 1-1: Foul Ball, location: 2F 1-2: Foul Ball, location: 2F 1-2: Ball 2-2: Foul Ball, location: 2F 2-2: Ball 3-2: Strikes out swinging
|
Batting: RHB Andy Knerr
|
0-0: Ground out U3 (Groundball, 34S, EV 83.1 MPH)
|
Top of the 3rd over - 0 runs, 0 hits, 0 errors, 0 left on base; UCLA 1 - Fresno State University 0 |
BOTTOM OF THE 3RD |
Fresno State University Bulldogs batting - Pitching for UCLA Bruins : LHP Victor Orozco
|
Batting: LHB Moktar Ame
|
0-0: Ball 1-0: Called Strike 1-1: Foul Ball, location: 2F 1-2: Ball 2-2: Strikes out looking
|
Batting: RHB Wu-ti Hui
|
0-0: Ball 1-0: Called Strike 1-1: Called Strike 1-2: Ball 2-2: Ball 3-2: Strikes out swinging
|
Batting: RHB Curtis Havard
|
0-0: Ball 1-0: Foul Ball, location: 2F 1-1: Called Strike 1-2: Hit by Pitch
|
Batting: RHB Sinfronio Carreon
|
0-0: Ball 1-0: Called Strike 1-1: Ball 2-1: Fly out, F7 (Flyball, 7, EV 95.0 MPH)
|
Bottom of the 3rd over - 0 runs, 0 hits, 0 errors, 1 left on base; UCLA 1 - Fresno State University 0 |
TOP OF THE 4TH |
UCLA Bruins batting - Pitching for Fresno State University Bulldogs : RHP Josh Watkins
|
Batting: RHB Ethan Krause
|
0-0: Ground out 6-3 (Groundball, 6, EV 85.6 MPH)
|
Batting: SHB Sean Munns
|
0-0: Called Strike 0-1: Foul Ball, location: 2F 0-2: Strikes out looking
|
Batting: LHB Scott Mullett
|
0-0: Ball 1-0: Called Strike 1-1: Called Strike 1-2: Ball 2-2: Foul Ball, location: 2F 2-2: Ball 3-2: Base on Balls
|
Batting: RHB Michael Alvarado
|
0-0: Called Strike 0-1: Fly out, F9 (Flyball, 9LSF, EV 74.4 MPH)
|
Top of the 4th over - 0 runs, 0 hits, 0 errors, 1 left on base; UCLA 1 - Fresno State University 0 |
BOTTOM OF THE 4TH |
Fresno State University Bulldogs batting - Pitching for UCLA Bruins : LHP Victor Orozco
|
Batting: RHB Sandy Munoz
|
0-0: Foul Ball, location: 2F 0-1: Swinging Strike 0-2: Strikes out swinging
|
Batting: SHB Carlton Stannard
|
0-0: Ball 1-0: Ball 2-0: Called Strike 2-1: Ball 3-1: Foul Ball, location: 2F 3-2: Foul Ball, location: 2F 3-2: Base on Balls
|
Batting: RHB Greg Meyer
|
0-0: Swinging Strike 0-1: Called Strike 0-2: Strikes out swinging
|
Batting: LHB Abraham Batista
|
0-0: Called Strike 0-1: Swinging Strike 0-2: Strikes out swinging
|
Bottom of the 4th over - 0 runs, 0 hits, 0 errors, 1 left on base; UCLA 1 - Fresno State University 0 |
TOP OF THE 5TH |
UCLA Bruins batting - Pitching for Fresno State University Bulldogs : RHP Josh Watkins
|
Pitching: RHP Eric Wallace
|
|
Now in RF: Tony Nowak
|
|
Batting: SHB Mike Beck
|
0-0: Foul Ball, location: 2F 0-1: Ball 1-1: Foul Ball, location: 2F 1-2: Fly out, F8 (Flyball, 8LM, EV 86.9 MPH)
|
Batting: RHB Pete Devaux
|
0-0: Ball 1-0: SINGLE (Line Drive, 8RS, EV 108.8 MPH)
|
Batting: LHB Mark Cummings
|
|
Pinch Hitting: LHB Andy Pluskota
|
0-0: Foul Ball, location: 2F 0-1: Fielders Choice at 2nd, 4-6 (Groundball, 4, EV 86.2 MPH)
|
Pinch Hitting: SHB Kevin Allen
|
0-0: Ball 1-0: Fly out, F7 (Flyball, 7D, EV 100.0 MPH)
|
Top of the 5th over - 0 runs, 1 hit, 0 errors, 1 left on base; UCLA 1 - Fresno State University 0 |
BOTTOM OF THE 5TH |
Fresno State University Bulldogs batting - Pitching for UCLA Bruins : LHP Victor Orozco
|
Now at 1B: Kevin Allen
|
|
Now in CF: Melvin Yanes
|
|
Batting: RHB Charles Shaw
|
0-0: Foul Ball, location: 2F 0-1: Called Strike 0-2: DOUBLE (Line Drive, 9LD, EV 113.8 MPH) - OUT at third base trying to stretch hit.
|
Batting: LHB Moktar Ame
|
0-0: Ball 1-0: Ball 2-0: Called Strike 2-1: Foul Ball, location: 2F 2-2: Ground out 6-3 (Groundball, 6, EV 88.8 MPH)
|
Batting: RHB Wu-ti Hui
|
0-0: Fly out, F9 (Flyball, 9, EV 83.1 MPH)
|
Bottom of the 5th over - 0 runs, 1 hit, 0 errors, 0 left on base; UCLA 1 - Fresno State University 0 |
TOP OF THE 6TH |
UCLA Bruins batting - Pitching for Fresno State University Bulldogs : RHP Eric Wallace
|
Pitching: RHP Joey Black
|
|
Now at C: Victor Rangel
|
|
Batting: RHB Andy Knerr
|
0-0: Foul Ball, location: 2F 0-1: Called Strike 0-2: Ball 1-2: Foul Ball, location: 2F 1-2: Foul Ball, location: 2F 1-2: Foul Ball, location: 2F 1-2: Fly out, F8 (Line Drive, 8LM, EV 108.8 MPH)
|
Batting: RHB Luis de Jesus
|
0-0: Foul Ball, location: 2F 0-1: Ground out 1-3 (Groundball, 25, EV 68.1 MPH)
|
Batting: SHB Sean Munns
|
0-0: Foul Ball, location: 2F 0-1: Swinging Strike 0-2: Ball 1-2: SOLO HOME RUN (Flyball, 89XD, EV 104.4 MPH), Distance : 435 ft
|
Pinch Hitting: SHB Steve Fouhy
|
0-0: Foul Ball, location: 2F 0-1: Ball 1-1: Ground out 4-3 (Groundball, 34, EV 100.0 MPH)
|
Top of the 6th over - 1 run, 1 hit, 0 errors, 0 left on base; UCLA 2 - Fresno State University 0 |
BOTTOM OF THE 6TH |
Fresno State University Bulldogs batting - Pitching for UCLA Bruins : LHP Victor Orozco
|
Pitching: LHP Honor Munoz
|
|
Now in RF: Dave Spradley
|
|
Batting: RHB Curtis Havard
|
0-0: Ball 1-0: Foul Ball, location: 2F 1-1: Foul Ball, location: 2F 1-2: Foul Ball, location: 2F 1-2: DOUBLE (Groundball, 3L, EV 104.4 MPH)
|
Pinch Hitting: RHB John Chapman
|
0-0: Foul Ball, location: 2F 0-1: SINGLE (Flyball, 7S, EV 91.2 MPH) Curtis Havard to third
|
Batting: RHB Tony Nowak
|
0-0: Called Strike 0-1: Foul Ball, location: 2F 0-2: Ball 1-2: Ground out 5-3 (Groundball, 56S, EV 62.5 MPH) Curtis Havard scores John Chapman to second
|
Batting: SHB Carlton Stannard
|
0-0: Called Strike 0-1: Ball 1-1: Called Strike 1-2: Foul Ball, location: 2F 1-2: Foul Ball, location: 2F 1-2: SINGLE (Line Drive, 78M, EV 93.1 MPH) John Chapman to third
|
Pinch Hitting: LHB Brad Benanti
|
0-0: Ball 1-0: Ball 2-0: Swinging Strike 2-1: Foul Ball, location: 2F 2-2: Strikes out swinging
|
Batting: LHB Ollie Strauss
|
0-0: Called Strike 0-1: Ground out 1-3 (Groundball, 13S, EV 62.5 MPH)
|
Bottom of the 6th over - 1 run, 3 hits, 0 errors, 2 left on base; UCLA 2 - Fresno State University 1 |
TOP OF THE 7TH |
UCLA Bruins batting - Pitching for Fresno State University Bulldogs : RHP Joey Black
|
Now at 3B: Brad Benanti
|
|
Now at SS: John Chapman
|
|
Now in LF: Alexander Gadd
|
|
Now in CF: Gary Christianson
|
|
Batting: RHB Michael Alvarado
|
0-0: Called Strike 0-1: Foul Ball, location: 2F 0-2: Strikes out swinging
|
Batting: SHB Mike Beck
|
0-0: Ball 1-0: Foul Ball, location: 2F 1-1: Swinging Strike 1-2: Foul Ball, location: 2F 1-2: Ball 2-2: Foul Ball, location: 2F 2-2: Strikes out looking
|
Batting: RHB Pete Devaux
|
0-0: Called Strike 0-1: Ball 1-1: Swinging Strike 1-2: DOUBLE (Line Drive, 78D, EV 107.5 MPH)
|
Batting: RHB Melvin Yanes
|
0-0: Called Strike 0-1: Swinging Strike 0-2: Foul Ball, location: 2F 0-2: Ball 1-2: SINGLE (Line Drive, 8RS, EV 95.6 MPH) Pete Devaux to third Runner from 3rd tries for Home, SAFE, throw by CF to home
|
Pitching: RHP Alex Gutierrez
|
|
Batting: SHB Kevin Allen
|
0-0: Ball 1-0: Ball 2-0: DOUBLE (Line Drive, 89M, EV 88.8 MPH) Melvin Yanes to third
|
Batting: RHB Andy Knerr
|
0-0: Ball 1-0: Foul Ball, location: 2F 1-1: Ground out 1-3 (Groundball, P, EV 71.2 MPH)
|
Top of the 7th over - 1 run, 3 hits, 0 errors, 2 left on base; UCLA 3 - Fresno State University 1 |
BOTTOM OF THE 7TH |
Fresno State University Bulldogs batting - Pitching for UCLA Bruins : LHP Honor Munoz
|
Pitching: LHP Marcus Finch
|
|
Batting: RHB Victor Rangel
|
0-0: Called Strike 0-1: Swinging Strike 0-2: Foul Ball, location: 2F 0-2: Ball 1-2: Strikes out swinging
|
Batting: RHB Alexander Gadd
|
0-0: Ball 1-0: Foul Ball, location: 2F 1-1: Fly out, F8 (Flyball, 8LM, EV 92.5 MPH)
|
Batting: SHB Gary Christianson
|
0-0: Ball 1-0: Called Strike 1-1: Foul Ball, location: 2F 1-2: Ball 2-2: Strikes out swinging, 2-3 out at first.
|
Bottom of the 7th over - 0 runs, 0 hits, 0 errors, 0 left on base; UCLA 3 - Fresno State University 1 |
TOP OF THE 8TH |
UCLA Bruins batting - Pitching for Fresno State University Bulldogs : RHP Alex Gutierrez
|
Pitching: RHP Sanjuro Nagamine
|
|
Batting: LHB Dave Hutchison
|
0-0: Called Strike 0-1: Swinging Strike 0-2: Ball 1-2: Strikes out swinging
|
Batting: SHB Sean Munns
|
0-0: Ball 1-0: Ball 2-0: Called Strike 2-1: Called Strike 2-2: Ground out 4-3 (Groundball, 4, EV 104.4 MPH)
|
Batting: RHB Dave Spradley
|
0-0: Fly out, F9 (Flyball, 9S, EV 74.4 MPH)
|
Top of the 8th over - 0 runs, 0 hits, 0 errors, 0 left on base; UCLA 3 - Fresno State University 1 |
BOTTOM OF THE 8TH |
Fresno State University Bulldogs batting - Pitching for UCLA Bruins : LHP Marcus Finch
|
Pitching: LHP Joe Landgraff
|
|
Pinch Hitting: RHB Danilo Baldia
|
0-0: Swinging Strike 0-1: Fly out, F8 (Line Drive, 78D, EV 89.4 MPH)
|
Batting: RHB John Chapman
|
0-0: Called Strike 0-1: Called Strike 0-2: SINGLE (Line Drive, 8LS, EV 110.0 MPH)
|
Batting: RHB Tony Nowak
|
0-0: Called Strike 0-1: Foul Ball, location: 2F 0-2: Ball 1-2: Ball 2-2: Ball 3-2: SINGLE (Line Drive, 8LS, EV 89.4 MPH) John Chapman to second John Chapman to third
|
Batting: SHB Carlton Stannard
|
0-0: Ball 1-0: Called Strike 1-1: Ball 2-1: Grounds into double play, 2-4-3 (Groundball, 2L, EV 71.2 MPH)
|
Bottom of the 8th over - 0 runs, 2 hits, 0 errors, 1 left on base; UCLA 3 - Fresno State University 1 |
TOP OF THE 9TH |
UCLA Bruins batting - Pitching for Fresno State University Bulldogs : RHP Sanjuro Nagamine
|
Pitching: RHP Oscar Zetino
|
|
Now at 2B: Danilo Baldia
|
|
Batting: RHB Michael Alvarado
|
0-0: Ball 1-0: Ball 2-0: Ground out 6-3 (Groundball, 56, EV 79.4 MPH)
|
Batting: SHB Mike Beck
|
0-0: Ball 1-0: Ball 2-0: Called Strike 2-1: Fly out, F7 (Flyball, 78S, EV 95.0 MPH)
|
Batting: RHB Pete Devaux
|
0-0: Ground out 6-3 (Groundball, 6S, EV 84.4 MPH)
|
Top of the 9th over - 0 runs, 0 hits, 0 errors, 0 left on base; UCLA 3 - Fresno State University 1 |
BOTTOM OF THE 9TH |
Fresno State University Bulldogs batting - Pitching for UCLA Bruins : LHP Joe Landgraff
|
Pitching: RHP Juan Zatarain
|
|
Batting: LHB Brad Benanti
|
0-0: Ball 1-0: Ball 2-0: Ball 3-0: Called Strike 3-1: Foul Ball, location: 2F 3-2: Ground out 5-3 (Groundball, 5S, EV 84.4 MPH)
|
Batting: LHB Ollie Strauss
|
0-0: Called Strike 0-1: Ball 1-1: Called Strike 1-2: Foul Ball, location: 2F 1-2: Fly out, F7 (Flyball, 7D, EV 101.9 MPH)
|
Batting: RHB Victor Rangel
|
0-0: Swinging Strike 0-1: Foul Ball, location: 2F 0-2: Strikes out swinging
|
Bottom of the 9th over - 0 runs, 0 hits, 0 errors, 0 left on base; UCLA 3 - Fresno State University 1 |
|